 Dungeon Crawl Stone Soup version 0.27.1-3-gb3d3a73c9e (webtiles) character file.

Game seed: 8923070909150209653

17688 raph the Impaler (level 12, -1/99 HPs)
             Began as a Merfolk Gladiator on Oct 21, 2021.
             Was a Believer of Qazlal.
             Slain by a 13-headed hydra (4 damage)
             ... on level 1 of the Lair of Beasts.
             The game lasted 00:23:26 (14685 turns).

raph the Impaler (Merfolk Gladiator)               Turns: 14685, Time: 00:23:26

Health: -1/99      AC:  6    Str: 14    XL:     12   Next: 50%
Magic:  8/19       EV: 23    Int:  8    God:    Qazlal [**....]
Gold:   697        SH:  2    Dex: 26    Spells: 11/11 levels left

rFire    . . .     SeeInvis +   f - +0 glaive (drain)
rCold    . . .     Faith    +   (shield currently unavailable)
rNeg     . . .     Spirit   .   b - +0 leather armour
rPois    +         Reflect  .   c - +0 helmet
rElec    .         Harm     .   e - +1 cloak
rCorr    +         Rampage  .   (no gloves)
Will     +....                  (no boots)
Stlth    +.........             g - amulet of faith
HPRegen  0.26/turn              K - +6 ring of dexterity
MPRegen  0.16/turn              q - ring of Immorality {rPois Will+ rCorr SInv Stlth-}

@: no status effects
A: (nimble swimmer 2), mertail
a: Renounce Religion, Upheaval


You were on level 1 of the Lair of Beasts.
You worshipped Qazlal.
Qazlal was pleased with you.
You visited 2 branches of the dungeon, and saw 12 of its levels.
You also visited: Sewer.

You collected 866 gold pieces.
You spent 169 gold pieces at shops.

Inventory:

Hand Weapons
 a - a +0 spectral trident
 f - a +0 glaive of draining (weapon)
 y - a +0 vorpal halberd
 A - a +1 vorpal trident
Missiles
 d - 4 throwing nets
 n - 68 poisoned darts (quivered)
Armour
 b - a +0 leather armour (worn)
 c - a +0 helmet (worn)
 e - a +1 cloak (worn)
Jewellery
 g - an amulet of faith (around neck)
 l - a ring of positive energy
 p - a ring of willpower
 q - the ring of Immorality (right hand) {rPois Will+ rCorr SInv Stlth-}
   (You acquired it on level 5 of the Dungeon)

   [ring of see invisible]

   rPois:     It protects you from poison.
   SInv:      It lets you see invisible.
   rCorr:     It protects you from acid and corrosion.
   Will:      It increases your willpower.
   Stlth:     It makes you less stealthy.
 r - a ring of willpower
 u - a ring of positive energy
 z - a ring of see invisible
 B - an amulet of regeneration
 D - an amulet of reflection
 G - a +4 ring of evasion
 K - a +6 ring of dexterity (left hand)
Wands
 i - a wand of paralysis (13)
 m - a wand of iceblast (19)
 E - a wand of flame (20)
 J - a wand of charming (13)
Scrolls
 j - a scroll of summoning
 w - a scroll of magic mapping
 F - a scroll of teleportation
 L - 3 scrolls of fog
Potions
 h - 4 potions of might
 k - a potion of resistance
 o - 2 potions of mutation
 s - a potion of degeneration {unknown}
 t - a potion of attraction {unknown}
 v - 2 potions of lignification {unknown}
 x - 2 potions of flight
 H - 2 potions of curing {unknown}
 I - a potion of invisibility {unknown}
Miscellaneous
 C - a box of beasts


   Skills:
 + Level 10.6 Fighting
 + Level 16.3 Polearms
 - Level 2.0 Throwing
 + Level 12.6 Dodging
 + Level 10.3 Invocations


You had 11 spell levels left.
You didn't know any spells.
Your spell library contained the following spells:

 Spells                   Type           Power      Damage    Failure   Level
 Animate Skeleton         Necr           0%         N/A       50%         1
 Apportation              Tloc           0%         N/A       50%         1
 Corona                   Hex            0%         N/A       50%         1
 Magic Dart               Conj           0%         1d3       50%         1
 Sting                    Tmut/Pois      0%         1d3       50%         1
 Summon Small Mammal      Summ           0%         N/A       50%         1
 Ensorcelled Hibernation  Hex/Ice        0%         N/A       63%         2
 Poisonous Vapours        Pois/Air       0%         N/A       63%         2
 Searing Ray              Conj           0%         3d3       63%         2
 Conjure Flame            Conj/Fire      0%         6-21      86%         3
 Ignite Poison            Fire/Tmut/Pois 0%         N/A       86%         3
 Inner Flame              Hex/Fire       0%         N/A       86%         3
 Mephitic Cloud           Conj/Pois/Air  0%         N/A       86%         3
 Ozocubu's Armour         Ice            0%         N/A       86%         3
 Tukima's Dance           Hex            0%         N/A       86%         3
 Animate Dead             Necr           0%         N/A       99%         4
 Cause Fear               Hex            0%         N/A       99%         4
 Fulminant Prism          Conj/Hex       0%         3d6       99%         4
 Olgreb's Toxic Radiance  Pois           0%         N/A       99%         4
 Passage of Golubria      Tloc           N/A        N/A       99%         4
 Sticky Flame             Conj/Fire      0%         2d3       99%         4
 Summon Ice Beast         Ice/Summ       0%         N/A       99%         4
 Bolt of Magma            Conj/Fire/Erth 0%         4d4       100%        5
 Freezing Cloud           Conj/Ice/Air   0%         6-21      100%        5
 Summon Forest            Summ/Tloc      0%         N/A       100%        5
 Summon Mana Viper        Hex/Summ       0%         N/A       100%        5
 Yara's Violent Unravell  Hex/Tmut       0%         3d3       100%        5
 Conjure Ball Lightning   Conj/Air       0%         3x3d6     100%        6
 Haunt                    Necr/Summ      0%         N/A       100%        7
 Monstrous Menagerie      Summ           0%         N/A       100%        7
 Ozocubu's Refrigeration  Ice            0%         4d5       100%        7
 Discord                  Hex            0%         N/A       100%        8
 Infestation              Necr           0%         N/A       100%        8


Dungeon Overview and Level Annotations

Branches:
Dungeon (11/15)            Temple (0/1) D:7            Lair (1/6) D:11
    Orc (0/2) D:9           Sewer (visited)

Altars:
Elyvilon
Kikubaaqudgha
Nemelex Xobeh
Qazlal
Ru
Sif Muna
Uskayaw
Vehumet
Wu Jian
Yredelemnul
Zin

Shops:
D:3 (   D:8 (

Annotations:
D:8 1 exclusion
D:9 3 runed translucent doors, Crownlay's ghost, journeyman HOFi
D:11 2 runed translucent doors, othur's ghost, journeyman MiFi


Innate Abilities, Weirdness & Mutations

((You are quick and stealthy near water. (Stealth+, EV+, Speed+++)))
Your lower body shifts to a powerful aquatic tail in water.


Message History

The ten-headed hydra misses you.
The ten-headed hydra completely misses you.
The ten-headed hydra barely misses you. The ten-headed hydra bites you.
You slice one of the ten-headed hydra's heads off!
The nine-headed hydra grows two more!
You slash the 11-headed hydra! You drain the 11-headed hydra.
The 11-headed hydra is almost dead.
The 11-headed hydra bites you. The 11-headed hydra misses you.
The 11-headed hydra closely misses you.
The 11-headed hydra completely misses you.
The 11-headed hydra bites you! The 11-headed hydra bites you.
The 11-headed hydra bites you but does no damage.
The 11-headed hydra bites you!
* * * LOW HITPOINT WARNING * * *
The 11-headed hydra bites you!
* * * LOW HITPOINT WARNING * * *
The 11-headed hydra bites you but does no damage.
You block the 11-headed hydra's attack.
You chop one of the 11-headed hydra's heads off!
The ten-headed hydra grows two more!
You slash the 12-headed hydra! You drain the 12-headed hydra.
The 12-headed hydra is almost dead.
You slice one of the 12-headed hydra's heads off!
The 11-headed hydra grows two more!
You slice the 13-headed hydra!!
The 13-headed hydra is almost dead.
The 13-headed hydra completely misses you. x2
The 13-headed hydra misses you. The 13-headed hydra bites you!
* * * LOW HITPOINT WARNING * * *
The 13-headed hydra misses you. x2; The 13-headed hydra closely misses you.
The 13-headed hydra misses you. x3; The 13-headed hydra bites you.
* * * LOW HITPOINT WARNING * * *
You block the 13-headed hydra's attack.
The 13-headed hydra completely misses you.
Okay, then.
The 13-headed hydra closely misses you. The 13-headed hydra bites you.
* * * LOW HITPOINT WARNING * * *
The 13-headed hydra misses you.
The 13-headed hydra completely misses you.
The 13-headed hydra barely misses you. The 13-headed hydra bites you.
You die...

.......>...#..+.............
...........††..........###..
#.....8.8.##..#........P# ..
##.........÷.##.........#
.... #...........#.........##
....
##.#....#..##..........##...#
#....###..#............#...#
#............§.D○..........#
###......#....@............#.
#####'#.#....................
#P....................##[...
.......................## ..#
.###....##.............## .#
#....#####..###......##..
#..........................
##.........................
#....#####.................


You could see a 13-headed hydra (drained).

Vanquished Creatures
  2 two-headed ogres
  7 death yaks (D:11)
  A deep elf pyromancer (D:11)
  An ugly thing (D:11)
  A cyclops (D:11)
  An unseen horror (D:7)
  A cane toad (Lair:1)
  2 komodo dragons
  A hornet (D:9)
  A troll (D:7)
  5 blink frogs (Lair:1)
  2 slime creatures (D:7)
  3 wraiths
  2 wyverns
  3 yaks (D:10)
  A human (D:9)
  6 vampire mosquitoes
  An acid dragon (D:11)
  4 water moccasins
  6 orc warriors
  A sky beast (D:8)
  2 black bears (Lair:1)
  4 ice beasts (D:7)
  2 ogres (D:5)
  3 centaurs
  A phantom (D:5)
  3 kobold brigands
  A bullfrog (D:5)
  2 gnoll sergeants
  5 scorpions
  2 water moccasin zombies (D:5)
  10 killer bees
  9 wights
  A howler monkey (D:7)
  2 vampire bats (D:3)
  4 centaur zombies
  8 orc priests
  5 hounds
  A bullfrog skeleton (D:5)
  2 centaur skeletons
  3 gnoll shamans
  3 iguanas
  11 orc wizards
  3 killer bee zombies (D:7)
  A howler monkey zombie (D:7)
  A howler monkey skeleton (D:7)
  13 gnolls
  A river rat (D:4)
  6 adders
  2 shadow imps
  2 white imps (D:6)
  2 ufetubi
  An adder zombie (D:5)
  An adder skeleton (D:4)
  2 worms (D:4)
  3 dart slugs
  35 orcs
  A bat skeleton (D:3)
  5 bat zombies (D:3)
  10 endoplasms
  A giant cockroach (D:1)
  8 goblins
  9 hobgoblins
  11 jackals
  21 kobolds
  3 quokkas
  12 ball pythons
  5 bats
  7 frilled lizards
  6 rats
308 creatures vanquished.

Vanquished Creatures (collateral kills)
  A yak (D:10)
  A steam dragon (D:10)
2 creatures vanquished.

Vanquished Creatures (others)
  15 plants
  A withered plant (D:1)
16 creatures vanquished.

Grand Total: 326 creatures vanquished

Notes
Turn   | Place    | Note
-------+----------+-------------------------------------------
     0 | D:1      | raph the Merfolk Gladiator began the quest for the Orb.
     0 | D:1      | Reached XP level 1. HP: 16/16 MP: 1/1
   326 | D:1      | Reached skill level 5 in Polearms
   412 | D:1      | Reached XP level 2. HP: 22/22 MP: 2/2
   780 | D:1      | Reached skill level 6 in Polearms
   780 | D:1      | Reached XP level 3. HP: 27/27 MP: 3/3
   807 | D:1      | Found a faded altar of an unknown god.
  1264 | D:2      | Found an ornate altar of the Wu Jian Council.
  1897 | D:2      | Reached XP level 4. HP: 33/33 MP: 4/4
  1904 | D:2      | Reached skill level 7 in Polearms
  2248 | D:3      | Reached skill level 8 in Polearms
  2248 | D:3      | Reached XP level 5. HP: 38/38 MP: 5/5
  2330 | D:3      | Found Kihukk's Antique Weapon Shop.
  2724 | D:3      | Reached skill level 9 in Polearms
  2730 | D:3      | Found an ancient bone altar of Kikubaaqudgha.
  2734 | D:3      | Reached XP level 6. HP: 43/44 MP: 6/6
  2995 | D:4      | Reached skill level 10 in Polearms
  3121 | D:4      | Found a glowing drain.
  3125 | Sewer    | Entered a sewer
  4113 | D:4      | Reached XP level 7. HP: 50/50 MP: 7/7
  4156 | D:4      | Reached skill level 11 in Polearms
  4582 | D:5      | Entered Level 5 of the Dungeon
  4609 | D:5      | Found a stormy altar of Qazlal.
  4868 | D:5      | Identified a scroll of acquirement
  4868 | D:5      | Acquired the ring of Immorality {rPois Will+ rCorr SInv
                  | Stlth-}
  4900 | D:5      | Reached skill level 12 in Polearms
  4958 | D:5      | Became a worshipper of Qazlal Stormbringer
  5027 | D:5      | Reached XP level 8. HP: 56/56 MP: 8/8
  5084 | D:5      | Reached skill level 13 in Polearms
  5502 | D:5      | Found a white marble altar of Elyvilon.
  5505 | D:5      | Found a basalt altar of Yredelemnul.
  5505 | D:5      | Found a radiant altar of Vehumet.
  5505 | D:5      | Found a sparkling altar of Nemelex Xobeh.
  5546 | D:5      | Reached skill level 14 in Polearms
  5765 | D:6      | Reached skill level 1 in Invocations
  6036 | D:6      | Reached skill level 5 in Dodging
  6098 | D:6      | Reached * piety under Qazlal
  6408 | D:7      | Reached XP level 9. HP: 28/65 MP: 9/11
  6760 | D:7      | Found a staircase to the Ecumenical Temple.
  6845 | D:7      | Found a glowing silver altar of Zin.
  6999 | D:7      | Reached skill level 5 in Fighting
  7002 | D:7      | Reached ** piety under Qazlal
  7102 | D:7      | You fall into a shaft and drop 1 floor!
  7113 | D:8      | Found Xiarch's Antique Weapon Shop.
  7130 | D:8      | Bought a runed trident for 169 gold pieces
  7164 | D:8      | Found a hide-covered altar of Uskayaw.
  7253 | D:7      | Noticed an unseen horror
  7255 | D:7      | Noticed a troll
  7258 | D:7      | Reached skill level 5 in Invocations
  7266 | D:7      | Killed an unseen horror
  7271 | D:7      | Killed a troll
  7272 | D:7      | Reached XP level 10. HP: 64/77 MP: 0/14
  7512 | D:7      | Got the Compendium of Creative Weightlessness
  8432 | D:8      | Noticed a two-headed ogre
  8432 | D:8      | Noticed a boulder beetle
  8432 | D:8      | Noticed a seven-headed hydra
  8432 | D:8      | Noticed a catoblepas
  8433 | D:8      | Noticed a purple ugly thing
  8433 | D:8      | Noticed an eight-headed hydra
  8533 | D:9      | Reached *** piety under Qazlal
  8833 | D:9      | Found a staircase to the Orcish Mines.
  8955 | D:9      | Reached skill level 10 in Dodging
  9424 | D:9      | Found a runed translucent gate.
  9424 | D:9      | Found a runed translucent gate.
  9424 | D:9      | Found a runed translucent gate.
  9435 | D:9      | Noticed Crownlay's ghost (journeyman HOFi)
  9582 | D:9      | Noticed a two-headed ogre
  9603 | D:9      | HP: 3/80 [two-headed ogre (20)]
  9638 | D:9      | Killed a two-headed ogre
  9639 | D:9      | Reached XP level 11. HP: 12/87 MP: 16/16
 10499 | D:10     | Entered Level 10 of the Dungeon
 11183 | D:10     | Reached skill level 15 in Polearms
 11190 | D:10     | HP: 4/87 [steam dragon (5)]
 11903 | D:10     | Found a shimmering blue altar of Sif Muna.
 11912 | D:10     | Found a sacrificial altar of Ru.
 12207 | D:11     | Found a large runed translucent door.
 12208 | D:11     | Found a large runed translucent door.
 12210 | D:11     | Noticed othur's ghost (journeyman MiFi)
 12371 | D:11     | Noticed a death yak
 12397 | D:11     | Killed a death yak
 12617 | D:11     | Noticed a death yak
 12618 | D:11     | Noticed a death yak
 12619 | D:11     | Noticed a death yak
 12627 | D:11     | Noticed a death yak
 12628 | D:11     | Noticed a death yak
 12629 | D:11     | Killed a death yak
 12630 | D:11     | Noticed a death yak
 12635 | D:11     | Killed a death yak
 12638 | D:11     | Killed a death yak
 12653 | D:11     | Killed a death yak
 12658 | D:11     | Killed a death yak
 12662 | D:11     | Killed a death yak
 12663 | D:11     | Reached skill level 10 in Fighting
 12663 | D:11     | Reached XP level 12. HP: 55/97 MP: 9/19
 12864 | D:11     | Noticed a two-headed ogre
 12868 | D:11     | Killed a two-headed ogre
 12876 | D:11     | Reached skill level 16 in Polearms
 13286 | D:11     | Reached skill level 10 in Invocations
 13907 | D:11     | Found a staircase to the Lair.
 14101 | Lair:1   | Entered Level 1 of the Lair of Beasts
 14666 | Lair:1   | Noticed an eight-headed hydra
 14685 | Lair:1   | HP: 3/99 [13-headed hydra (3)]
 14685 | Lair:1   | Slain by a 13-headed hydra

Illustrated notes

Levels and vault maps discovered:
D:1:      dpeg_arrival_rhombi, layout_basic, ebering_ecumenical_altar_petrified,
          minmay_misc_feat_enclosed
D:2:      layout_loops_corners, basic_altar, grunt_ministairs_15,
          minmay_domino_4
D:3:      layout_rooms, kennysheep_vampire_church, serial_aquarium,
          aquarium_bridge_square [aquarium_subvault_window,
          aquarium_subvault_bridge, aquarium_subvault_bridge,
          aquarium_subvault_bridge], aquarium_bridge_square
          [aquarium_subvault_window, aquarium_subvault_wall,
          aquarium_subvault_bridge, aquarium_subvault_bridge],
          aquarium_window_corridor_3, aquarium_window_double, aquarium_view_2d,
          aquarium_view_2d, serial_shops, shop_coins, kennysheep_generic_room_10
D:4:      layout_loops_ring, nicolae_overflow_hidden_temple,
          gup_sewer_entry_spiral
D:5:      wad_river_or_something, layout_basic, grunt_temple_overflow_open,
          kennysheep_mini
D:6:      layout_rooms, hangedman_abyss_or_decor_lesser_grid
D:7:      minmay_the_grid_octo_tiled_octocenter [minmay_the_grid_octo_clover_2,
          minmay_the_grid_octo_tetromino_candy,
          minmay_the_grid_octo_vomiting_pacman, minmay_the_grid_octo_fan_narrow,
          minmay_the_grid_octo_prize_square_snowflake,
          minmay_the_grid_square_5x5_three_small,
          minmay_the_grid_square_5x5_slash, minmay_the_grid_square_5x5_bite,
          minmay_the_grid_square_5x5_three], layout_cave_pools, zin_scriptorium,
          minmay_temple_entry_gardened_gates, serial_glass, glass_columns_b,
          glass_columns_a
D:8:      minmay_chambers_of_sevens, layout_cave_pods,
          mainiacjoe_overflow_surrounded_room, serial_shops,
          nicolae_shop_window_shopping, uniq_psyche, uniq_harold
D:9:      layout_irregular_city, erik_orc_4, gammafunk_ghost_icy
D:10:     layout_irregular_city, mainiacjoe_overflow_swirl
D:11:     layout_gridville, dpeg_lair_monsters, ebering_ghost_disaster_area,
          st_stairs_3
Lair:1:   layout_gridlike, grunt_megastairs_2

Skill      XL: |  1  2  3  4  5  6  7  8  9 10 11 12 |
---------------+-------------------------------------+-----
Polearms       | 5 6 8 9 10 12 14 15 16 | 16.3
Invocations    | 2 5 7 9 10 | 10.3
Fighting       | 3 6 8 10 | 10.6
Dodging        | 5 8 10 12 | 12.6
Throwing       | |  2.0

Action                   |  1- 3 |  4- 6 |  7- 9 | 10-12 || total
-------------------------+-------+-------+-------+-------++-------
Melee: Trident           |   138 |   139 |   193 |    80 ||   550
       Halberd           |       |       |       |    55 ||    55
       Glaive            |       |       |       |   297 ||   297
Throw: Dart              |       |       |     2 |    10 ||    12
Invok: Upheaval          |       |       |     3 |    17 ||    20
  Use: Scroll            |       |     8 |     4 |     8 ||    20
       Potion            |       |       |       |     4 ||     4
 Stab: Sleeping          |     4 |    11 |     1 |       ||    16
       Distracted        |       |       |     3 |     2 ||     5
Armor: Leather armour    |    30 |     7 |    18 |    46 ||   101
Dodge: Dodged            |    63 |    32 |    63 |   396 ||   554
Block: Other             |       |       |     2 |    37 ||    39
